 Dungeon Crawl Stone Soup version 0.31.0-1-g2c135a008e (webtiles) character file.

Game seed: 3889718955872986562

1865 qw the Skirmisher (level 9, -4/65 HPs)
             Began as a Djinni Hunter on Jan 24, 2024.
             Was a Follower of Okawaru.
             Slain by a two-headed ogre
             ... wielding a +0 giant spiked club
              (24 damage)
             ... on level 6 of the Dungeon.
             The game lasted 00:00:24 (4252 turns).

qw the Skirmisher (Djinni Hunter)                   Turns: 4252, Time: 00:00:25

Health: -4/65      AC:  6    Str: 10    XL:     9   Next: 35%
Gold:   98         EV: 18    Int: 12    God:    Okawaru [*.....] SH:  0 Dex: 26

rFire   + . .        a - +1 shortbow (freeze)
rCold   . . .        (shield currently unavailable)
rNeg    + . .        i - +0 ring mail
rPois   inf          (no helmet)
rElec   .            (no cloak)
rCorr   .            (no gloves)
SInv    .            (boots unavailable)
Will    .....        p - amulet of the acrobat
Stlth   +++          k - +6 ring of dexterity
HPRegen 0.30/turn    b - ring "Ajexoll" {Ice rN+}
MPRegen 0.00/turn

%: acrobat, infuse magic (-5 HP)
@: heroic, flying
A: sickness immunity, fire resistance 2, cold vulnerability 1, float, innate
caster, HP casting, extra vitality 1, screaming 1
a: Renounce Religion, Heroism


You were on level 6 of the Dungeon.
You worshipped Okawaru.
Okawaru was aware of your devotion.
You visited 2 branches of the dungeon, and saw 7 of its levels.

You collected 316 gold pieces.
You spent 218 gold pieces at shops.


Innate Abilities, Weirdness & Mutations

You are immune to sickness and miasma.
You are immune to poison.
Your flesh is very heat resistant. (rF++)
You are vulnerable to cold. (rC-)
You float through the air rather than walking.
You learn spells naturally, not from books.
Your magical power is your life essence.
You have superior vitality. (+4 MHP)
You occasionally shout uncontrollably at your foes.


   Skills:
 - Level 5.0(10.0) Fighting
 - Level 8.1(13.1) Ranged Weapons
 - Level 2.1(7.1) Armour
 + Level 5.3(10.3) Dodging
 - Level 0.7(5.7) Stealth
 + Level 2.1 Invocations


You knew the following spells:

 Your Spells              Type           Power      Damage    Failure   Level
a - Summon Small Mammal   Summ           0%         N/A       58%         1
b - Call Imp              Summ           0%         N/A       73%         2
c - Stone Arrow           Conj/Erth      0%         3d7       91%         3
d - Leda's Liquefaction   Alch/Erth      0%         N/A       100%        4
Your spell library was empty.

Inventory:

Hand Weapons
 a - a +1 shortbow of freezing (weapon)
Armour
 i - a +0 ring mail (worn)
Jewellery
 b - the ring "Ajexoll" (right hand) {Ice rN+}
   (You acquired it on level 3 of the Dungeon)

   [ring of ice]

   Ice:       It enhances your ice magic.
   rF-:       It makes you vulnerable to fire.
   rC+:       It protects you from cold.
   rN+:       It protects you from negative energy.
 k - a +6 ring of dexterity (left hand)
 p - an amulet of the acrobat (around neck)
 Y - a ring of resist corrosion
Wands
 e - a wand of flame (8)
 f - a wand of light (7)
 j - a wand of iceblast (12)
Scrolls
 g - a scroll of teleportation
 h - a scroll of enchant armour
 l - a scroll of torment {unknown}
 m - a scroll of vulnerability {unknown}
Potions
 c - a potion of might
 d - a potion of curing

Dungeon Overview and Level Annotations

Branches:
Dungeon (6/15)             Temple (1/1) D:5

Altars:
Ashenzari
Cheibriados
Fedhas
Gozag
Hepliaklqana
Makhleb
Okawaru
Qazlal
Ru
Trog
Uskayaw
Wu Jian
Xom
Yredelemnul
The Shining One

Shops:
D:5 *


Message History

You start resting.
HP restored.
You see here a hound corpse.
You now have 98 gold pieces (gained 5).
Found a scroll of summoning.
Enter note:
Enter note:
Enter note:
Enter note:
Enter note:
Enter note:
Enter note:
Enter note:
Enter note:
Enter note: You hear a distant slurping noise.
There is a stone staircase leading down here.
A two-headed ogre comes into view.
It is wielding a +0 giant spiked club and a +3 dire flail.
The two-headed ogre shouts in stereo!
4246 ||| INVOKING Heroism.
You gain the combat prowess of a mighty hero.
You start resting.
A two-headed ogre is nearby!
You shoot an arrow. The arrow hits the two-headed ogre!
The arrow freezes the two-headed ogre.
The two-headed ogre is moderately wounded.
You shoot an arrow. The arrow hits the two-headed ogre!
The arrow freezes the two-headed ogre.
The two-headed ogre is heavily wounded.
The two-headed ogre hits you with a +0 giant spiked club!
The two-headed ogre hits you with a +3 dire flail!
You shoot an arrow.
The arrow hits the two-headed ogre but does no damage.
The two-headed ogre is heavily wounded.
You shoot an arrow. The arrow hits the two-headed ogre!
The arrow freezes the two-headed ogre.
The two-headed ogre is severely wounded.
The two-headed ogre hits you with a +0 giant spiked club!
The two-headed ogre hits you with a +3 dire flail!!
You die...

.....##.##...#.............[#.###
............##...###..........#.#
...........###..########....<....
.........#####....## #.......[..#
.....#....###..#...###........###
....#..P...###.................##
....#..P...# #..###...#........#.
......7P...###...#....#.........#
.......7........@O....##....#....
.................#....###.#. #..#
#............#.###..### #...
...........#####.>.... #.##.#.
...........##>##.#..#.# #.#....
#.###.........##.#..# # ......
#..##..............## .....
..................).# #...
....................#+########...


You could see a two-headed ogre.

Vanquished Creatures
  Pikel (D:4)
  Edmund (D:4)
  A water moccasin (D:6)
  A sky beast (D:6)
  A lemure (D:4)
  A centaur (D:5)
  A kobold brigand (D:5)
  7 scorpions
  A howler monkey (D:6)
  A gnoll bouda (D:5)
  3 hounds
  5 iguanas
  An orc wizard (D:5)
  8 adders
  3 gnolls
  A white imp (D:5)
  2 ufetubi (D:4)
  5 dart slugs
  A ribbon worm (D:4)
  4 orcs
  4 endoplasms
  4 giant cockroaches
  6 goblins
  7 hobgoblins
  4 jackals (D:3)
  3 quokkas
  9 ball pythons
  2 bats
  A frilled lizard (D:3)
  10 kobolds
  2 rats
101 creatures vanquished.

Vanquished Creatures (collateral kills)
  A gnoll (D:5)
  An orc (D:5)
2 creatures vanquished.

Grand Total: 103 creatures vanquished

Notes
Turn   | Place    | Note
-------+----------+-------------------------------------------
     0 | D:1      | qw the Djinni Hunter began the quest for the Orb.
     0 | D:1      | Reached XP level 1. HP: 18/18 MP: 0/0
     0 | D:1      | 0 ||| qw: Version: 0.3-a-136-gdd3b4e8
     0 | D:1      | 0 ||| qw: Game counter: 1385
     0 | D:1      | 0 ||| qw: Melee chars always use a shield: true
     0 | D:1      | 0 ||| qw: God list: Okawaru
     0 | D:1      | 0 ||| qw: Allow faded altars: false
     0 | D:1      | 0 ||| qw: Do Orc after clearing Dungeon:15 true
     0 | D:1      | 0 ||| qw: Do second Lair branch before Depths: true
     0 | D:1      | 0 ||| qw: Lair rune preference: random
     0 | D:1      | 0 ||| qw: Goals: Normal
     0 | D:1      | 0 ||| PLANNING D:1-11
   102 | D:1      | Found a faded altar of an unknown god.
   116 | D:1      | Reached XP level 2. HP: 21/23 MP: 0/0
   428 | D:1      | 428 ||| UPGRADING to +0 ring mail.
   438 | D:1      | 438 ||| DROPPING +0 leather armour.
   439 | D:1      | 439 ||| READING 5 scrolls labelled YHINGYCRUI.
   439 | D:1      | 439 ||| IDENTIFYING sedimented emerald potion
   440 | D:1      | 440 ||| READING 4 scrolls of identify.
   440 | D:1      | 440 ||| IDENTIFYING green potion
   441 | D:1      | 441 ||| READING 3 scrolls of identify.
   441 | D:1      | 441 ||| IDENTIFYING scroll labelled VELITOUTW SIRGH
   442 | D:1      | 442 ||| READING 2 scrolls of identify.
   442 | D:1      | 442 ||| IDENTIFYING scroll labelled LIZETS KOIMMACH
   443 | D:1      | 443 ||| READING scroll of identify.
   443 | D:1      | 443 ||| IDENTIFYING scroll labelled DAEWNU ZUILU
   444 | D:1      | 444 ||| READING scroll of brand weapon.
   444 | D:1      | 444 ||| BRANDING +0 shortbow.
   445 | D:1      | 445 ||| READING 2 scrolls labelled VIVETZEOGU.
   449 | D:1      | 449 ||| DROPPING scroll of butterflies.
   450 | D:1      | 450 ||| DROPPING scroll of noise.
   451 | D:1      | 451 ||| DROPPING potion of lignification.
   452 | D:1      | 452 ||| DROPPING scroll of immolation.
   486 | D:2      | Reached skill level 4 in Ranged Weapons
   486 | D:2      | Reached XP level 3. HP: 28/28 MP: 0/0
   486 | D:2      | Learned a level 1 spell: Summon Small Mammal
   785 | D:2      | Reached skill level 1 in Armour
   869 | D:2      | 869 ||| READING scroll of identify.
   869 | D:2      | 869 ||| IDENTIFYING lumpy ruby potion
   870 | D:2      | 870 ||| DROPPING potion of invisibility.
   887 | D:3      | Reached XP level 4. HP: 34/34 MP: 0/0
   947 | D:3      | Reached skill level 3 in Fighting
  1223 | D:3      | 1223 ||| UPGRADING to amulet of the acrobat.
  1228 | D:3      | 1228 ||| DROPPING ring of wizardry.
  1229 | D:3      | 1229 ||| UPGRADING to ring of resist corrosion.
  1230 | D:3      | 1230 ||| READING scroll of identify.
  1230 | D:3      | 1230 ||| IDENTIFYING fizzy yellow potion
  1231 | D:3      | 1231 ||| DRINKING potion of mutation.
  1231 | D:3      | Gained mutation: You occasionally shout uncontrollably at
                  | your foes. [potion of mutation]
  1232 | D:3      | 1232 ||| READING scroll labelled URENWI ZOLEICI.
  1232 | D:3      | 1232 ||| ENCHANTING +0 shortbow of chaos.
  1233 | D:3      | 1233 ||| READING 2 scrolls labelled XIASOZ TEOFU.
  1234 | D:3      | 1234 ||| READING scroll labelled WYTROHE EZXOEL.
  1235 | D:3      | 1235 ||| READING scroll labelled WINTOE DUDEQONG.
  1236 | D:3      | 1236 ||| READING scroll labelled IMEOL HINTUFU.
  1236 | D:3      | Identified a scroll of acquirement
  1236 | D:3      | 1236 ||| ACQUIRING ring "Ajexoll" {Ice rN+}
  1236 | D:3      | Acquired the ring "Ajexoll" {Ice rN+}
  1238 | D:3      | 1238 ||| UPGRADING to ring "Ajexoll" {Ice rN+}.
  1239 | D:3      | 1239 ||| READING 2 scrolls labelled ETOSYF XINLOTI.
  1240 | D:3      | 1240 ||| DRINKING 2 amethyst potions.
  1241 | D:3      | 1241 ||| DROPPING scroll of poison.
  1242 | D:3      | 1242 ||| DROPPING scroll of fear.
  1251 | D:4      | 1251 ||| PLANNING OSSUARY
  1461 | D:4      | Noticed a lemure
  1461 | D:4      | Noticed a lemure
  1461 | D:4      | Noticed a lemure
  1462 | D:4      | 1462 ||| RETREEEEATING.
  1464 | D:4      | 1464 ||| RETREEEEATING.
  1469 | D:4      | Noticed a lemure
  1470 | D:4      | Noticed Pikel
  1480 | D:4      | Killed a lemure
  1491 | D:4      | HP: 8/35 [Pikel/+1 whip of flaming (4)]
  1492 | D:4      | 1492 ||| READING scroll of teleportation.
  1492 | D:4      | HP: 1/35 [Pikel/+1 whip of flaming (7)]
  1493 | D:4      | 1493 ||| DRINKING potion of heal wounds.
  1494 | D:4      | Killed Pikel
  1495 | D:4      | Reached skill level 6 in Ranged Weapons
  1495 | D:4      | Reached XP level 5. HP: 22/40 MP: 0/0
  1495 | D:4      | Learned a level 2 spell: Call Imp
  1495 | D:4      | Reached XP level 6. HP: 25/46 MP: 0/0
  1495 | D:4      | Reached XP level 7. HP: 27/50 MP: 0/0
  1495 | D:4      | Learned a level 3 spell: Stone Arrow
  1850 | D:4      | 1850 ||| RIP OSSUARY
  1856 | D:4      | 1856 ||| PLANNING D:1-11
  2224 | D:4      | Reached skill level 3 in Dodging
  2399 | D:4      | 2399 ||| READING scroll labelled HAPOVO TAOLYUN.
  2500 | D:4      | 2500 ||| READING scroll labelled YPRASS YTTE.
  2500 | D:4      | 2500 ||| ENCHANTING +0 shortbow of chaos.
  2562 | D:5      | Entered Level 5 of the Dungeon
  2568 | D:5      | 2568 ||| STAIRDANCE
  2594 | D:5      | Noticed Edmund
  2595 | D:5      | 2595 ||| STAIRDANCE
  2600 | D:4      | 2600 ||| ZAPPING wand of flame (13) at 1,-1 (scorpion;
                  | floor).
  2601 | D:4      | 2601 ||| ZAPPING wand of flame (12) at 1,-1 (scorpion;
                  | floor).
  2602 | D:4      | 2602 ||| ZAPPING wand of flame (11) at 1,-1 (scorpion;
                  | floor).
  2603 | D:4      | 2603 ||| ZAPPING wand of flame (10) at 1,-1 (scorpion;
                  | floor).
  2604 | D:4      | 2604 ||| ZAPPING wand of flame (9) at 1,-1 (scorpion;
                  | floor).
  2677 | D:5      | 2677 ||| STAIRDANCE
  2712 | D:5      | 2712 ||| ZAPPING wand of light (9) at 4,-4 (Edmund; floor).
  2713 | D:5      | 2713 ||| ZAPPING wand of light (8) at 3,-3 (Edmund; floor).
  2714 | D:5      | 2714 ||| STAIRDANCE
  2736 | D:5      | 2736 ||| STAIRDANCE
  2738 | D:4      | 2738 ||| RETREEEEATING.
  2739 | D:4      | 2739 ||| ZAPPING wand of light (7) at 0,-2 (Edmund; floor).
  2740 | D:4      | 2740 ||| ZAPPING wand of light (6) at 0,-2 (Edmund; floor).
  2741 | D:4      | Reached XP level 8. HP: 52/58 MP: 0/0
  2746 | D:4      | Killed Edmund
  2823 | D:5      | 2823 ||| STAIRDANCE
  2862 | D:5      | 2862 ||| STAIRDANCE
  2872 | D:5      | 2872 ||| STAIRDANCE
  2924 | D:5      | Found a staircase to the Ecumenical Temple.
  2925 | D:5      | 2925 ||| PLANNING TEMPLE
  2941 | D:5      | Reached skill level 7 in Ranged Weapons
  2941 | D:5      | 2941 ||| FLEEEEING.
  2942 | D:5      | 2942 ||| FLEEEEING.
  2943 | D:5      | 2943 ||| FLEEEEING.
  2944 | D:5      | 2944 ||| FLEEEEING.
  2945 | D:5      | 2945 ||| FLEEEEING.
  2950 | D:5      | 2950 ||| FLEEEEING.
  2951 | D:5      | 2951 ||| FLEEEEING.
  2952 | D:5      | 2952 ||| FLEEEEING.
  2953 | D:5      | 2953 ||| FLEEEEING.
  2954 | D:5      | 2954 ||| FLEEEEING.
  2955 | D:5      | 2955 ||| FLEEEEING.
  2956 | D:5      | 2956 ||| FLEEEEING.
  2957 | D:5      | 2957 ||| FLEEEEING.
  2958 | D:5      | 2958 ||| FLEEEEING.
  3039 | D:5      | 3039 ||| Invisibility monster not found???
  3080 | Temple   | Found a transporter.
  3080 | Temple   | Found a transporter.
  3080 | Temple   | Found a transporter.
  3080 | Temple   | Found a transporter.
  3080 | Temple   | Entered the Ecumenical Temple
  3081 | Temple   | 3081 ||| PLANNING D:1-11
  3101 | Temple   | 3101 ||| PLANNING OKAWARU WORSHIP
  3105 | Temple   | Became a worshipper of Warmaster Okawaru
  3106 | Temple   | 3106 ||| PLANNING D:1-11
  3226 | D:5      | 3226 ||| ZAPPING wand of light (5) at -1,-1 (scorpion;
                  | floor).
  3251 | D:5      | 3251 ||| RETREEEEATING.
  3252 | D:5      | 3252 ||| RETREEEEATING.
  3253 | D:5      | 3253 ||| RETREEEEATING.
  3254 | D:5      | 3254 ||| ZAPPING wand of light (4) at -1,0 (iguana; floor).
  3331 | D:5      | 3331 ||| READING scroll of brand weapon.
  3331 | D:5      | 3331 ||| BRANDING +1 shortbow of chaos.
  3333 | D:5      | Found Eroth's Gadget Gallery.
  3345 | D:5      | 3345 ||| BUYING wand of light (4) (218 gold).
  3345 | D:5      | Bought a wand of light (4) for 218 gold pieces
  3345 | D:5      | 3345 ||| SHOPLISTING wand of polymorph (5) (91 gold, have
                  | 32).
  3652 | D:5      | 3652 ||| UPGRADING to +6 ring of dexterity.
  3654 | D:5      | 3654 ||| DRINKING 2 dark potions.
  3732 | D:6      | Reached XP level 9. HP: 63/65 MP: 0/0
  3732 | D:6      | Learned a level 4 spell: Leda's Liquefaction
  3794 | D:6      | Found a broken altar of Ashenzari.
  3823 | D:6      | Reached * piety under Okawaru
  3824 | D:6      | Reached skill level 8 in Ranged Weapons
  3983 | D:6      | Reached skill level 1 in Invocations
  4245 | D:6      | Noticed a two-headed ogre
  4246 | D:6      | 4246 ||| INVOKING Heroism.
  4252 | D:6      | Slain by a two-headed ogre

Levels and vault maps discovered:
D:1:      minmay_arrival_nine_rooms, layout_rooms,
          shapermc_ecumenical_altar_ellora
D:2:      layout_rooms, minmay_pentomino_z4
D:3:      layout_rooms, hex_large
D:4:      layout_basic, serial_glass, glass_columns_b, glass_columns_b,
          enter_ossuary_5, uniq_pikel
D:5:      cheibrodos_thug_alley, layout_rooms, temple_pool_b,
          nicolae_shop_gadgets, uniq_edmund
D:6:      layout_cave_pools, mainiacjoe_overflow_catwalk,
          minmay_misc_feat_encased, minmay_stone_trees_medium,
          serial_park_tiny_2
Temple:   hellmonk_temple_divided_pantheon

Skill      XL: |  1  2  3  4  5  6  7  8  9 |
---------------+----------------------------+-----
Ranged Weapons | 4 6 7 8 |  8.1
Armour         | 1 2 |  2.1
Fighting       | 3 5 |  5.0
Dodging        | 3 4 5 |  5.3
Invocations    | 2 |  2.1
Stealth        | |  0.7

Action                     |  1- 3 |  4- 6 |  7- 9 || total
---------------------------+-------+-------+-------++-------
   Fire: Shortbow          |    65 |    81 |   277 ||   423
 Invoke: Heroism           |       |       |     1 ||     1
  Evoke: Wand              |       |       |    11 ||    11
    Use: Scroll            |     8 |     8 |     3 ||    19
         Potion            |       |     3 |     1 ||     4
 Armour: Leather armour    |     8 |       |       ||     8
         Ring mail         |    23 |    35 |    84 ||   142
  Dodge: Dodged            |    33 |    32 |    71 ||   136

Table legend:
 A = Non-vault XP
 B = Vault XP
 C = Vault XP percentage of total XP
 D = Non-vault monster count
 E = Vault monster count
 F = Vault count percentage of total count
                 A         B        C        D         E       F
            +---------+---------+-------+---------+---------+-------
      Total |    1716 |     949 |  35.6 |      87 |      15 |  14.7
            +---------+---------+-------+---------+---------+-------
        D:1 |      17 |       0 |   0.0 |      10 |       0 |   0.0
        D:2 |      42 |       6 |  12.5 |      10 |       3 |  23.1
        D:3 |      52 |       0 |   0.0 |      15 |       0 |   0.0
        D:4 |     253 |     832 |  76.7 |      24 |       2 |   7.7
        D:5 |     583 |     111 |  16.0 |      18 |      10 |  35.7
        D:6 |     769 |       0 |   0.0 |      10 |       0 |   0.0
            +---------+---------+-------+---------+---------+-------
